 BcadrenCrawl: Boulder Brew version 0.05.4-36-g9d51979768 (webtiles) character file.

Game seed: 9839603850557681047, levelgen mode: deterministic

3009 Angani the Nimble (level 9, 0/6 HPs) Fairy Demigod. Began on Jan 29, 2022. Slain by a bullfrog zombie (1 damage) ... on level 4 of the Dungeon. The game lasted 00:22:52 (3737 turns).

Angani the Nimble (Fairy Demigod)                   Turns: 3737, Time: 00:22:54

Health: 0/6        AC:  0    Str:  9    XL:     9 ^: 2275
Magic:  4/4        EV: 36    Int: 21    God:
Gold:   182        SH:  0    Dex: 21    Spells: 13/22 levels left

rFire    + . .     Vision   .   e - amulet of chaos
rCold    + . .     Gourm    .
rNeg     . . .     Faith    .
rCorr    + . .     Spirit   .
rPois    +         Reflect  .
rElec    .         Harm     .
MR       +....
Stlth    +.........
HPRegen  0.12/turn
MPRegen  0.14/turn

@: flying, glowing, studying Slings, slow
A: tiny, no armour or weapons, only one jewelry slot, no melee attacks, fairy
magic, fairy shield, decreased potion and divine healing, unfitting armour,
flight, high mp 1, slowness 1, fairy light 1, insubstantial
a: Stop Flying


You were on level 4 of the Dungeon.
You were not hungry.

You visited 1 branch of the dungeon, and saw 4 of its levels.

You collected 182 gold pieces.

Inventory:

Jewellery
 e - an amulet of chaos (around core)
 g - an uncursed ring of protection
 h - an uncursed ring of ice
 n - an uncursed ring of strength
 o - an uncursed ring of evasion
 q - an uncursed ring of resist corrosion
Wands
 p - a wand of ensnaring (2)
 r - a wand of polymorph (2)
Scrolls
 d - 2 scrolls of magic mapping
 f - 2 scrolls of teleportation
 i - a scroll of enchantment
 j - a scroll of blinking
 k - a scroll of fog
Potions
 a - 3 potions of curing
 c - 3 potions of haste
 l - 2 potions of heal wounds
 m - 2 potions of agility
Comestibles
 b - 20 rations


   Skills:
 + Level 9.2 Dodging
 - Level 1.3 Stealth
 - Level 7.1 Spellcasting
 - Level 2.4 Translocations
 - Level 5.4 Fire Magic
 + Level 4.2 Air Magic
 + Level 3.8 Poison Magic


You had 13 spell levels left.
You knew the following spells:

 Your Spells              Type           Power        Failure   Level  Hunger
a - Lick                  Fire           30 (30)      1%          1    0
b - Random Cloud Fire 30 (100) 2% 3 0-30 c - Blink Tloc           N/A          4%          2    0
d - Chaotic Cloudburst    Pois/Air       24 (100)     4%          3    0-30

Your spell library contained the following spells:

 Spells                   Type           Power        Failure   Level  Hunger
 Slow                     Hex            7 (100)      9%          1    0
 Call Imp                 Summ           7 (100)      13%         2    0


Dungeon Overview and Level Annotations

Branches:
Dungeon (4/8)              Temple (0/1) D:4


Innate Abilities, Weirdness & Mutations

You are too small to use any gear.
You can wear a single ring or amulet completely around your body.
You are incapable of melee of any kind.
Your magic reserves are extremely low but spells that normally cost one mana are free and all other spells cost one mana.
You are extremely frail but all attacks that strike you do exactly one damage.
The effect of potions and godly healing effects is reduced to match your tiny health and magic reserves.
You are able to fly continuously.
You have an increased reservoir of magic. (+15% MP)
You cover ground slowly.
You exude a bright light in a small radius around yourself.
Your insubstantial form boosts your evasion and grants immunity to sticky flames, nets and constriction.


Message History

Aiming: Lick (safe; 1% risk of failure)
Press: ? - help, Shift-Dir - straight line, f/p - bullfrog zombie
Aim: a bullfrog zombie (92%, 92% to-hit, lightly damaged (29/34), 34% (Melee), regenerating, skewered by barbs, haloed, inner chaos)
The chaotic shard of healing mist hits the bullfrog zombie.
You heal the bullfrog zombie.
The bullfrog zombie is completely healed.
The bullfrog zombie hits you (3).
Casting: Lick (safe; 1% risk of failure)
Confirm with . or Enter, or press ? or * to list all spells.
Aiming: Lick (safe; 1% risk of failure)
Press: ? - help, Shift-Dir - straight line, f/p - bullfrog zombie
Aim: a bullfrog zombie (92%, 92% to-hit, undamaged (34/34), 34% (Melee), regenerating, skewered by barbs, haloed, inner chaos)
The chaotic shard of cold hits the bullfrog zombie (2).
The bullfrog zombie resists.
The bullfrog zombie is lightly damaged. (32/34) HP A spark of chaos speeds the bullfrog zombie up.
The bullfrog zombie hits you (6).
* * * LOW HITPOINT WARNING * * *
The bullfrog zombie hits you (5).
You die...

#. ###.##### ###+###
#.......# #.....#
#.......# ######.....+
###.......###....'.....#
..............####.....#
#...^#..##### #.....#
#......# #.....#
#..#@#...# ##'#### #.
#Z###...# #.## #
#...###... #..# .....
#.####†### ..>..
#....... ......#
...'.......
##...##..###.......
###.# .# #.......
#.......


You could see a bullfrog zombie (inner chaos).

Vanquished Creatures
  Psyche (D:4)
  Sigmund (D:2)
  A human (D:4)
  A yak (D:4)
  3 hogs (D:4)
  Purgy (D:2)
  A scorpion (D:3)
  Duvessa (D:2)
  A porcupine (D:4)
  An ice beast (D:4)
  A sky beast (D:4)
  Ijyb (D:2)
  3 ogres (D:3)
  2 big kobolds (D:2)
  A bullfrog (D:3)
  Dowan (D:2)
  A howler monkey (D:3)
  6 jellies (D:2)
  3 worker ants (D:3)
  6 giant cockroaches
  2 bullfrog zombies (D:4)
  4 adders
  3 gnolls (D:2)
  11 sewer rats (D:2)
  10 cinder newts
  A worm (D:3)
  3 oozes (D:2)
  5 leopard geckos
  11 orcs
  2 adder skeletons (D:3)
  A cinder newt skeleton (D:2)
  8 goblins
  10 hobgoblins
  2 jackals (D:3)
  2 quokkas
  3 ball pythons
  A ball python skeleton (D:2)
  6 bats
  A jackal (shapeshifter) (D:3)
  26 kobolds
  4 rats (D:1)
  4 withered plants (D:2)
157 creatures vanquished.

Vanquished Creatures (others)
  A big kobold (D:2)
  A jelly (D:2)
  A giant cockroach (D:3)
  An adder (D:2)
  2 sewer rats (D:2)
  A goblin (D:1)
  4 giant blowflies (D:2)
  3 plants (D:2)
  A slimehead (D:2)
  107 withered plants (D:2)
122 creatures vanquished.

Grand Total: 279 creatures vanquished

Notes
Turn   | Place    | Note
-------+----------+-------------------------------------------
     0 | D:1      | Angani the Fairy Demigod began the quest for the Orb.
     0 | D:1      | Reached XP level 1. HP: 3/3 MP: 3/3
    71 | D:1      | Reached XP level 2. HP: 1/3 MP: 3/3
   103 | D:1      | Reached XP level 3. HP: 3/4 MP: 3/3
   267 | D:1      | Learned a level 3 spell: Random Cloud
   736 | D:1      | Reached XP level 4. HP: 4/4 MP: 3/3
   919 | D:2      | Reached skill level 5 in Dodging
   919 | D:2      | Reached XP level 5. HP: 4/4 MP: 3/3
  1166 | D:2      | Noticed Duvessa
  1173 | D:2      | Killed Duvessa
  1173 | D:2      | Reached XP level 6. HP: 3/5 MP: 3/3
  1197 | D:2      | Noticed Dowan
  1202 | D:2      | Killed Dowan
  1300 | D:2      | Reached skill level 5 in Spellcasting
  1357 | D:2      | Reached skill level 6 in Dodging
  1498 | D:2      | Reached XP level 7. HP: 2/5 MP: 3/3
  1569 | D:2      | Noticed a shapeshifter
  1569 | D:2      | a big kobold changed into a shapeshifter
  1569 | D:2      | Noticed a komodo dragon
  1569 | D:2      | a shapeshifter changed into a komodo dragon
  1573 | D:2      | Noticed Sigmund
  1631 | D:2      | Noticed Purgy
  1668 | D:2      | Killed Purgy
  1717 | D:2      | Learned a level 2 spell: Blink
  1721 | D:2      | Learned a level 3 spell: Chaotic Cloudburst
  1771 | D:2      | Noticed Ijyb
  1777 | D:2      | Killed Ijyb
  1858 | D:2      | Found an iron altar of Okawaru.
  2101 | D:2      | Reached skill level 5 in Fire Magic
  2233 | D:2      | Killed Sigmund
  2233 | D:2      | Reached skill level 7 in Dodging
  2354 | D:2      | Found a shimmering altar of Xom.
  2435 | D:2      | Reached XP level 8. HP: 2/5 MP: 4/4
  3011 | D:3      | Reached skill level 1 in Translocations
  3021 | D:3      | Reached skill level 1 in Air Magic
  3025 | D:3      | Reached skill level 1 in Poison Magic
  3139 | D:3      | Found a radiant altar of Vehumet.
  3279 | D:3      | Reached skill level 8 in Dodging
  3516 | D:4      | Reached XP level 9. HP: 6/6 MP: 4/4
  3661 | D:4      | Reached skill level 9 in Dodging
  3672 | D:4      | Noticed Psyche
  3679 | D:4      | Killed Psyche
  3726 | D:4      | Found a staircase to the Ecumenical Temple.
  3737 | D:4      | Slain by a bullfrog zombie

Levels and vault maps discovered:
D:1:      lordsloth_arrival_two_stooges, layout_basic
D:2:      corexii_shantytown, layout_sewer, brannock_xom_greatest_gift,
          okawaru_ov_weapons_minmay, first_ration, minivault_11, uniq_sigmund,
          uniq_ijyb, uniq_purgy, uniq_duvessa
D:3:      layout_basic, vehumet_crystals
D:4:      layout_roguey, minmay_temple_entry_slanted, ossuary_tomb_3,
          grunt_livestock, uniq_harold, uniq_grum, uniq_psyche

Skill      XL: |  1  2  3  4  5  6  7  8  9 |
---------------+----------------------------+-----
Spellcasting   | 2 3 4 5 7 |  7.1
Fire Magic     | 3 4 5 |  5.4
Dodging        | 5 6 7 8 9 |  9.2
Translocations | 2 |  2.4
Air Magic      | 3 4 |  4.2
Poison Magic   | 3 |  3.8
Stealth        | |  1.3

Action                   |  1- 3 |  4- 6 |  7- 9 || total
-------------------------+-------+-------+-------++-------
 Cast: Lick              |    45 |    97 |   233 ||   375
       Random Cloud      |       |     4 |     1 ||     5
       Chaotic Cloudburs |       |       |     1 ||     1
 Abil: Fly               |       |     1 |       ||     1
  Use: Scroll            |       |       |     2 ||     2
  Eat: Chunk             |       |     3 |     4 ||     7
       Ration            |       |       |     1 ||     1
Dodge: Dodged            |    17 |    43 |    75 ||   135
